 Dungeon Crawl Stone Soup version 0.21-a0-615-g8e08f28 (webtiles) character file.

34 slep the Slasher (level 3, -1/18 HPs)
             Began as a Vine Stalker Gladiator on Dec 23, 2017.
             Slain by a gnoll (3 damage)
             ... on level 4 of the Dungeon.
             The game lasted 00:02:54 (758 turns).

slep the Slasher (Vine Stalker Gladiator)            Turns: 758, Time: 00:02:55

Health: -1/18      AC:  4    Str: 16    XL:     3   Next: 31%
Magic:  0/4        EV: 18    Int:  8    God:
Gold:   44         SH:  0    Dex: 21    Spells: 2/2 levels left

rFire    . . .     SeeInvis .   a - +0 long sword
rCold    . . .     Gourm    .   (no shield)
rNeg     . . .     Faith    .   o - +0 leather armour {MR+}
rPois    .         Spirit   +   c - +0 helmet
rElec    .         Reflect  .   (no cloak)
rCorr    .         Harm     .   (no gloves)
MR       +....                  (no boots)
Stlth    +++.......             (no amulet)
HPRegen  0.06/turn              (no ring)
MPRegen  0.09/turn              (no ring)

@: agile
A: fangs 2, magic shield, antimagic bite, no potion heal 3, rot immunity
a: no special abilities


You were on level 4 of the Dungeon.
You were not hungry.

You visited 1 branch of the dungeon, and saw 4 of its levels.

You collected 44 gold pieces.

Inventory:

Hand Weapons
 a - a +0 long sword (weapon)
 j - a +0 blowgun
Missiles
 d - 3 throwing nets (quivered)
 k - 14 poisoned needles
 m - 14 sling bullets
Armour
 b - a +0 leather armour
 c - a +0 helmet (worn)
 o - a +0 leather armour of magic resistance (worn)
Wands
 l - a wand of digging (21)
Scrolls
 e - a scroll of immolation {unknown}
 h - a scroll of amnesia {unknown}
 i - a scroll of teleportation {unknown}
 n - a scroll of magic mapping {unknown}
 p - a scroll of identify {unknown}
Potions
 g - a potion of agility
Comestibles
 f - 4 rations


   Skills:
 + Level 2.0 Fighting
 + Level 3.1 Long Blades
 + Level 2.1 Throwing
 + Level 2.8 Dodging


You had 2 spell levels left.
You didn't know any spells.

Dungeon Overview and Level Annotations

Branches:
Dungeon (4/15)
 Temple: D:4-7

Altars:
Dithmenos


Innate Abilities, Weirdness & Mutations

You have extremely sharp teeth.
When hurt, damage is shared between your health and your magic reserves.
Your bite disrupts and absorbs the magic of your enemies.
Potions cannot restore your health.
You are immune to rotting.


Message History

The gnoll closely misses you.
A gnoll comes into view.
It was a potion of agility.
You feel agile all of a sudden. The gnoll closely misses you.
You closely miss the gnoll.
The gnoll is heavily wounded.
You barely miss the gnoll. Your bite misses the gnoll.
The gnoll barely misses you.
You hit the gnoll. You bite the gnoll, but do no damage.
The gnoll is heavily wounded.
The gnoll hits you but does no damage. The gnoll barely misses you.
You riposte.
You slash the gnoll! Your bite misses the gnoll.
The gnoll is almost dead.
You barely miss the gnoll.
The gnoll is almost dead.
The gnoll hits you from afar with a spear.
* * * LOW HITPOINT WARNING * * *
The gnoll hits you.
You die...

#.# #.# #.######.#
....#.....
#.#.#.##.#
#.#.#.##.#
#.#.#.##.#
####.....##.#
#.g@...(.##.######
#g##.............#
#.##############.#
#.# ###.### #g#
#...... #.# ###
#.#.### #.. ..
#.#(... #### #.
###.##### #.##...#


You could see 2 gnolls.

Vanquished Creatures
  2 adders
  A worm (D:3)
  A giant cockroach (D:2)
  A hobgoblin (D:1)
  2 kobolds (D:3)
  A frilled lizard (D:4)
  3 goblins
  A jackal skeleton (D:4)
  A quokka skeleton (D:4)
  A rat (D:3)
14 creatures vanquished.

Notes
Turn   | Place    | Note
-------+----------+-------------------------------------------
     0 | D:1      | slep the Vine Stalker Gladiator began the quest for the Orb.
     0 | D:1      | Reached XP level 1. HP: 11/11 MP: 2/2
   114 | D:2      | Reached skill level 3 in Long Blades
   114 | D:2      | Reached XP level 2. HP: 12/15 MP: 3/3
   138 | D:3      | Found a shadowy altar of Dithmenos.
   445 | D:4      | Reached XP level 3. HP: 18/18 MP: 4/4
   758 | D:4      | Slain by a gnoll

Vault maps used:
D:1:      lightli_arrival_noodles, serial_park_tiny_pond, serial_bayou_ford_a
D:2:      vehumet_crystals, lemuel_doored_altar,
          gammafunk_temple_overflow_pools, first_ration
D:3:      grunt_dithmenos_smoke_and_mirrors, okawaru_ov_weapons_minmay,
          overflow_temple_1_default
D:4:      bloody_trog

Skill      XL: |  1  2  3 |
---------------+----------+-----
Long Blades    | 3 |  3.1
Throwing       | 2 |  2.1
Fighting       | 2 |  2.0
Dodging        | |  2.8

Action                   || total
-------------------------++-------
Melee: Long sword        ||    45
       Bite              ||    12
  Use: Potion            ||     1
Armor: Leather armour    ||     9
Dodge: Dodged            ||    33
       Rpst.: Long sword ||     9

Table legend:
 A = Spawn XP
 B = Non-spawn XP
 C = Spawn XP percentage of total XP
 D = Spawn monster count
 E = Non-spawn monster count
 F = Spawn count percentage of total count
 G = Total turns spent on level
                    A         B        C        D         E        F      G
               +---------+---------+-------+---------+---------+-------+---------
         Total |       0 |      49 |   0.0 |       0 |      14 |   0.0 |   758
               +---------+---------+-------+---------+---------+-------+---------
           D:1 |       0 |       5 |   0.0 |       0 |       3 |   0.0 |    72
           D:2 |       0 |      17 |   0.0 |       0 |       3 |   0.0 |    66
           D:3 |       0 |      10 |   0.0 |       0 |       4 |   0.0 |   255
           D:4 |       0 |      17 |   0.0 |       0 |       4 |   0.0 |   365
               +---------+---------+-------+---------+---------+-------+---------
